 Dungeon Crawl Stone Soup version 0.31-a0-833-gc15d34cb79 (webtiles) character file.

Game seed: 11878566349185747215

46 Kurtz the Chopper (level 3, -5/26 HPs)
             Began as an Octopode Fighter on Sept 25, 2023.
             Slain by an ogre
             ... wielding a +0 giant club
              (31 damage)
             ... on level 2 of the Dungeon.
             The game lasted 00:00:51 (1357 turns).

Kurtz the Chopper (Octopode Fighter)                Turns: 1357, Time: 00:00:53

Health: -5/26      AC:  1    Str: 17    XL:     3   Next: 68%
Magic:  3/3        EV: 13    Int: 10    God:
Gold:   85         SH:  4    Dex: 11    Spells: 2/2 levels left

rFire   . . .        a - +0 war axe
rCold   . . .        b - +0 buckler
rNeg    . . .        (helmet restricted)
rPois   .            (no amulet)
rElec   .            (no ring)
rCorr   .            (no ring)
SInv    .            (no ring)
Will    .....        (no ring)
Stlth   ++           (no ring)
HPRegen 0.24/turn    (no ring)
MPRegen 0.08/turn    (no ring)
                     (no ring)

%: no passive effects
@: no status effects
A: almost no armour, amphibious, 8 rings, camouflage 1, gelatinous body 1,
(nimble swimmer 1), tentacles
a: no special abilities


You were on level 2 of the Dungeon.
You visited 1 branch of the dungeon, and saw 2 of its levels.

You collected 85 gold pieces.

Inventory:

Hand Weapons
 a - a +0 war axe (weapon)
Armour
 b - a +0 buckler (worn)
Scrolls
 d - a scroll of enchant armour {unknown}
 e - 2 scrolls of silence {unknown}
 g - a scroll of teleportation {unknown}
 i - a scroll of revelation {unknown}
 k - a scroll of brand weapon {unknown}
 l - a scroll of noise {unknown}
Potions
 c - 3 potions of might
 f - 2 potions of haste {unknown}
 h - 2 potions of enlightenment {unknown}
 j - a potion of mutation {unknown}


   Skills:
 - Level 3.0 Fighting
 * Level 3.9 Axes
 - Level 3.0 Dodging
 - Level 3.0 Shields


You had 2 spell levels left.
You didn't know any spells.
Your spell library contained the following spells:

 Spells                   Type           Power      Damage    Failure   Level
 Sublimation of Blood     Necr           0%         N/A       58%         2
 Wereblood                Tmut           0%         N/A       58%         2
 Summon Hydra             Summ           0%         N/A       100%        7


Dungeon Overview and Level Annotations

Branches:
Dungeon (2/15)

Altars:

Shops:
D:2 =


Innate Abilities, Weirdness & Mutations

You cannot wear most types of armour.
You are amphibious.
You can wear up to eight rings at the same time.
Your skin changes colour to match your surroundings (Stealth+).
Your rubbery body absorbs attacks. (AC +1, EV +1)
((You are camouflaged when in or above water. (Stealth+)))
You have tentacles for arms and can constrict up to eight enemies at once.


Message History

There are monsters nearby!
Unknown command.
There are monsters nearby!
The worm bites you.
Unknown command.
You barely miss the worm. You grab the worm. You constrict the worm.
There are monsters nearby!
You slash the worm!
The worm is heavily wounded.
You constrict the worm. The worm bites you! The ball python closely misses you.
The ball python barely misses you.
There are monsters nearby!
You barely miss the worm. You squeeze the worm.
You kill the worm!
You closely miss the ball python. The ball python barely misses you. x2
A ball python is nearby!
You slash the ball python!
You kill the ball python!
Unknown command.
No target in view!
Found a stone staircase leading up.
No target in view!
No target in view!
c - 3 potions of might (gained 2)
There is a stone staircase leading up here.
l - a scroll labelled FIRCHO VUHA An ogre comes into view.
It is wielding a +0 giant club.
Found a club.
You see here a book of Storms.
An ogre is nearby!
The ogre shouts!
The ogre closely misses you.
An ogre is nearby!
You hit the ogre.
You tentacle-slap the ogre, but do no damage.
You squeeze the ogre!
The ogre is moderately wounded.
The ogre hits you with a +0 giant club!!
Ouch! That really hurt!
You die...

.#.# ##.# ...# #.. .###
### ...# # ...#. # #
...#.### ##### .# #
...#.... ...###.# #
...#...# #..O.# #
.##...#.# #.@# .
......##.######..###.#
#
...##.###.....:........
.............##..######
..###.###..#.##.....
.#.##.##.#.......####
................##
............###.#
#####.####### #$#


You could see an ogre.

Vanquished Creatures
  A worm (D:2)
  5 bats
  4 endoplasms
  2 giant cockroaches (D:2)
  5 goblins (D:1)
  7 hobgoblins
  3 jackals (D:1)
  2 quokkas (D:1)
  2 ball pythons (D:2)
  A frilled lizard (D:2)
  3 kobolds (D:1)
  4 rats (D:1)
39 creatures vanquished.

Notes
Turn   | Place    | Note
-------+----------+-------------------------------------------
     0 | D:1      | Kurtz the Octopode Fighter began the quest for the Orb.
     0 | D:1      | Reached XP level 1. HP: 16/16 MP: 1/1
   186 | D:1      | Reached XP level 2. HP: 13/21 MP: 2/2
   426 | D:1      | Reached XP level 3. HP: 24/26 MP: 3/3
   645 | D:1      | Found a faded altar of an unknown god.
  1149 | D:2      | Found Semupyul's Jewellery Boutique.
  1353 | D:2      | Noticed an ogre
  1357 | D:2      | Slain by an ogre

Illustrated notes

Levels and vault maps discovered:
D:1:      dpeg_arrival_morbid_curiosity, layout_basic,
          hellmonk_ecumenical_altar_leap_of_faith
D:2:      layout_loops_ring, serial_shops, shop, nicolae_shop_trees,
          nicolae_shop_back_alley_shop, minmay_crystal_water

Skill      XL: |  1  2 |
---------------+-------+-----
Axes           | 3 |  3.9
Fighting       | |  3.0
Dodging        | |  3.0
Shields        | |  3.0

Action                     || total
---------------------------++-------
  Melee: War axe           ||    65
         Constrict         ||    20
         Tentacles         ||    14
         Punch             ||     2
   Stab: Sleeping          ||     3
 Armour: Skin              ||    23
  Dodge: Dodged            ||    44
  Block: Buckler           ||    10

Table legend: (Time is in decaauts)
 A = Elapsed time spent in this place.
 B = Non-inter-level travel time spent in this place.
 C = Inter-level travel time spent in this place.
 D = Time resting spent in this place.
 E = Time spent auto-exploring this place.
 F = Levels seen in this place.
 G = Mean time per level.
                   A        B        C        D        E       F      G
               +--------+--------+--------+--------+--------+-----+--------+
         Total |   1380 |   1235 |    145 |    137 |    866 |   2 |  690.0 |
       Dungeon |   1380 |   1235 |    145 |    137 |    866 |   2 |  690.0 |
               +--------+--------+--------+--------+--------+-----+--------+

Top non-repeatable levels by time:
     D:1: 1046 daAuts
     D:2: 334 daAuts
